 Dungeon Crawl Stone Soup version 0.31-a0-1278-g11c5b68f87 (webtiles) character file.

Game seed: 16808353151964245963

95 kae the Sneak (level 4, -3/32 HPs)
             Began as a Demonspawn Enchanter on Dec 17, 2023.
             Killed from afar by Blork the orc (10 damage)
             ... with a puff of frost
             ... on level 4 of the Dungeon.
             The game lasted 00:02:40 (2241 turns).

kae the Sneak (Demonspawn Enchanter)                Turns: 2241, Time: 00:02:40

Health: -3/32      AC:  4    Str:  8    XL:     4   Next: 39%
Magic:  2/7        EV: 12    Int: 15    God:
Gold:   48         SH:  0    Dex: 16    Spells: 2/7 levels left

rFire   . . .        m - +1 dagger (venom)
rCold   . . .        (no shield)
rNeg    . . .        b - +1 robe
rPois   .            (helmet restricted)
rElec   +            (no cloak)
rCorr   .            (no gloves)
SInv    .            i - +0 pair of boots {rampage}
Will    .....        j - amulet of Pufehada {rElec Regen+}
Stlth   ++           (no ring)
HPRegen 1.05/turn    (no ring)
MPRegen 0.10/turn

%: rampage
@: confusing by touch
A: horns 1, spiny 1
a: no special abilities


You were on level 4 of the Dungeon.
You visited 1 branch of the dungeon, and saw 4 of its levels.

You collected 70 gold pieces.
You spent 22 gold pieces at shops.


Innate Abilities, Weirdness & Mutations

You have a pair of small horns on your head.
You are partially covered in sharp spines.


   Skills:
 + Level 1.4 Fighting
 * Level 2.1 Short Blades
 - Level 1.7 Dodging
 * Level 3.4 Stealth
 + Level 2.4 Spellcasting
 + Level 3.3 Hexes


You had 2 spell levels left.
You knew the following spells:

 Your Spells              Type           Power      Damage    Failure   Level
a - Ensorcelled Hibernat  Hex/Ice        12%        N/A       16%         2
b - Confusing Touch       Hex            11%        N/A       16%         3

Your spell library contained the following spells:

 Spells                   Type           Power      Damage    Failure   Level
 Passwall                 Tmut/Erth      0%         N/A       32%         2
 Tukima's Dance           Hex            11%        N/A       16%         3
 Dazzling Flash           Conj/Hex       12%        N/A       32%         3
 Swiftness                Air            1%         N/A       54%         3

Inventory:

Hand Weapons
 a - a +1 dagger
 f - a +1 dagger of draining
   (You took it off a kobold on level 1 of the Dungeon)
 m - a +1 dagger of venom (weapon)
   (You found it on level 2 of the Dungeon)
Missiles
 d - 29 stones
 g - 2 throwing nets {=f!f}
 o - 5 poisoned darts
Armour
 b - a +1 robe (worn)
 i - a +0 pair of boots of rampaging (worn)
   (You acquired it on level 2 of the Dungeon)
Jewellery
 j - the amulet of Pufehada (around neck) {rElec Regen+}
   (You acquired it on level 3 of the Dungeon)

   [amulet of regeneration]

   rElec:     It insulates you from electricity.
   Regen+:    It increases your rate of health regeneration.
Potions
 c - 2 potions of invisibility
 e - 2 potions of heal wounds {@q2}
 h - a potion of haste {unknown}
 k - a potion of resistance {unknown}
 l - 3 potions of curing {@q1}
 n - a potion of ambrosia

Dungeon Overview and Level Annotations

Branches:
Dungeon (4/15) Zot: 21733
 Temple: D:4-7

Altars:

Shops:
D:1 (   D:3 [*

Annotations:
D:4 Blork the orc

.. ##########.#
#..........# ...
#..........# .....
#.......?..#####.....#
.#.....)...?........$..#
.....b.................#
###...o@..............#
.......)...............#
###########...?........#
#............#
#............#
#............#
#........#####
########.# #.#


You could see Blork the orc.


Message History

You impale the ball python!!
You kill the ball python!
You enter the shallow water.
Moving in this stuff is going to be slow.
You enter the shallow water.
Moving in this stuff is going to be slow.
A quokka comes into view.
A quokka is nearby!
A quokka is nearby!
A quokka is nearby!
The helpless quokka fails to defend itself.
You puncture the quokka!
You kill the quokka!
Done exploring.
No target in view!
No target in view!
Done exploring.
No target in view!
No target in view!
Done exploring.
No target in view!
No target in view!
Done exploring.
No target in view!
No target in view!
You enter the shallow water.
Moving in this stuff is going to be slow.
There is an open door here.
There is a stone staircase leading down here.
You climb downwards.
There is a stone staircase leading up here.
Key pressed, stopping travel.
Okay, then.
Okay, then.
As you read the scroll labelled XUYXTIPRIMN, it crumbles to dust.
You hear the flapping of tiny wings.
It was a scroll of butterflies.
Unknown command.
You swap places.
You swap places.
You swap places.
A kobold comes into view. It is wielding a +0 club.
A kobold is nearby!
A kobold is nearby!
Your butterfly disappears in a burst of colours!
Blork the orc comes into view.
He is wielding a +0 scimitar.
You rampage towards the kobold!
The helpless kobold fails to defend itself.
You puncture the kobold!
You kill the kobold!
Blork the orc shouts!
Blork the orc looks satisfied for a moment.
Casting: Ensorcelled Hibernation (safe; 16% risk of failure)
Confirm with . or Enter, or press ? or * to list all spells.
Aiming: Ensorcelled Hibernation (safe; 16% risk of failure)
Press: ? - help, Shift-Dir - straight line, f - Blork the orc
Aim: Blork the orc, wielding a +0 scimitar and wearing a +0 robe (chance to affect: 39%) Blork the orc resists with some effort. 😎 MP[-2]
You lost 2 mp, and now have 5/7 mp.
Casting: Ensorcelled Hibernation (safe; 16% risk of failure)
Confirm with . or Enter, or press ? or * to list all spells.
Okay, then.
Unknown command.
Casting: Confusing Touch (quite dangerous; 16% risk of failure)
Confirm with . or Enter, or press ? or * to list all spells.
Your hands begin to glow red.
Blork the orc begins to cast a cantrip, but forgets the words! 😎 MP[-3]
You lost 3 mp, and now have 2/7 mp.
You rampage towards Blork the orc!
You barely miss Blork the orc.
Unknown command.
You closely miss Blork the orc. Your headbutt misses Blork the orc.
Blork the orc gestures at you while chanting.
The puff of flame hits you! 😮 HP[-8]
You take 8 damage, and now have 24/32 hp.
MASSIVE DAMAGE!! (PAUSE)
You completely miss Blork the orc.
You headbutt Blork the orc, but do no damage.
Blork the orc hits you with a +0 scimitar!
* * * LOW HITPOINT WARNING * * *
😨 HP[-10]
You take 10 damage, and now have 14/32 hp.
MASSIVE DAMAGE!! (PAUSE)
You hit Blork the orc but do no damage. Blork the orc is struck by your spines.
Blork the orc misses you. 😨 HP[+1]
You closely miss Blork the orc.
You headbutt Blork the orc, but do no damage.
Your butterfly disappears in a burst of colours!
Blork the orc points at you and mumbles some strange words.
The magic dart hits you!
* * * LOW HITPOINT WARNING * * *
😱 HP[-9]
You take 9 damage, and now have 6/32 hp.
MASSIVE DAMAGE!! (PAUSE)
You closely miss Blork the orc.
Blork the orc points at you and mumbles some strange words.
The puff of frost hits you!
You die...

Skill      XL: |  1  2  3  4 |
---------------+-------------+-----
Short Blades   | 1 2 |  2.1
Stealth        | 3 |  3.4
Fighting       | 1 |  1.4
Dodging        | |  1.7
Spellcasting   | |  2.4
Hexes          | |  3.3

Action                     |  1- 3 |  4- 6 || total
---------------------------+-------+-------++-------
  Melee: Dagger            |    92 |    23 ||   115
         Headbutt          |     5 |     9 ||    14
         Punch             |     1 |       ||     1
   Cast: Ensorcelled Hiber |     3 |     1 ||     4
         Confusing Touch   |       |     1 ||     1
    Use: Scroll            |     7 |     3 ||    10
   Stab: Sleeping          |     9 |     5 ||    14
 Armour: Robe              |    39 |     7 ||    46
  Dodge: Dodged            |    40 |     3 ||    43

Levels and vault maps discovered:
D:1:      hellmonk_arrival_library, layout_basic, serial_shops, shop
D:2:      layout_rooms, nicolae_the_louvre
D:3:      layout_loops_corners, serial_bayou, serial_bayou_lagoon_a,
          serial_bayou_ford_a, serial_bayou_crossing, serial_bayou_pond_b,
          serial_shops, nicolae_shop_just_a_little_nook, shop, uniq_terence
D:4:      layout_basic, nicolae_overflow_two_pavilions,
          nicolae_hepliaklqana_hazy_memory, minmay_temple_entry_from_below_a,
          ebering_ghost_sewer_f, uniq_blork_the_orc

Notes
Turn   | Place    | Note
-------+----------+-------------------------------------------
     0 | D:1      | kae the Demonspawn Enchanter began the quest for the Orb.
     0 | D:1      | Reached XP level 1. HP: 13/13 MP: 3/3
     0 | D:1      | magus.rc [v1.11.3]
    58 | D:1      | Reached skill level 1 in Short Blades
   108 | D:1      | HP: 3/13 [jackal (3)]
   114 | D:1      | Gained mutation: You are partially covered in sharp spines.
                  | [demonic ancestry]
   114 | D:1      | Reached XP level 2. HP: 3/20 MP: 5/5
   243 | D:1      | Found Ylaom's Weapon Shoppe.
   261 | D:1      | Learned a level 2 spell: Ensorcelled Hibernation
   483 | D:1      | You pick up a book of Burglary and begin reading...
   483 | D:1      | You add the spells Passwall and Swiftness to your library.
   800 | D:2      | Reached skill level 3 in Stealth
   806 | D:2      | Identified a scroll of acquirement
   806 | D:2      | Acquired a +0 pair of boots of rampaging
  1058 | D:2      | Gained mutation: You have a pair of small horns on your
                  | head. [demonic ancestry]
  1058 | D:2      | Reached XP level 3. HP: 25/25 MP: 6/6
  1243 | D:2      | Reached skill level 1 in Fighting
  1544 | D:3      | Noticed Terence
  1619 | D:3      | Killed Terence
  1620 | D:3      | Reached XP level 4. HP: 12/32 MP: 5/7
  1626 | D:3      | Learned a level 3 spell: Confusing Touch
  1755 | D:3      | Found Rovas's General Store.
  1763 | D:3      | Bought a scroll of identify for 22 gold pieces
  1764 | D:3      | Acquired the amulet of Pufehada {rElec Regen+}
  1784 | D:3      | Reached skill level 2 in Short Blades
  1884 | D:3      | Found Miabain's Antique Armour Shop.
  2228 | D:4      | Noticed Blork the orc
  2240 | D:4      | HP: 6/32 [Blork the orc/magic dart (10)]
  2241 | D:4      | Killed from afar by Blork the orc

Vanquished Creatures
  Terence (D:3)
  An adder (D:2)
  2 dart slugs
  7 orcs (D:3)
  4 ball pythons
  2 bats
  2 endoplasms
  A giant cockroach (D:3)
  3 goblins
  3 hobgoblins
  6 jackals
  8 kobolds
  2 quokkas
  A frilled lizard (D:1)
  3 rats
46 creatures vanquished.

Table legend:
 A = Non-vault XP
 B = Vault XP
 C = Vault XP percentage of total XP
 D = Non-vault monster count
 E = Vault monster count
 F = Vault count percentage of total count
                 A         B        C        D         E       F
            +---------+---------+-------+---------+---------+-------
      Total |      91 |      45 |  33.1 |      41 |       5 |  10.9
            +---------+---------+-------+---------+---------+-------
        D:1 |      25 |       0 |   0.0 |      13 |       0 |   0.0
        D:2 |      29 |       0 |   0.0 |      10 |       0 |   0.0
        D:3 |      35 |      45 |  56.2 |      17 |       5 |  22.7
        D:4 |       2 |       0 |   0.0 |       1 |       0 |   0.0
            +---------+---------+-------+---------+---------+-------

Skill      XL: |  1  2  3  4 |
---------------+-------------+-----
Short Blades   | 1 2 |  2.1
Stealth        | 3 |  3.4
Fighting       | 1 |  1.4
Dodging        | |  1.7
Spellcasting   | |  2.4
Hexes          | |  3.3

Action                     |  1- 3 |  4- 6 || total
---------------------------+-------+-------++-------
  Melee: Dagger            |    92 |    23 ||   115
         Headbutt          |     5 |     9 ||    14
         Punch             |     1 |       ||     1
   Cast: Ensorcelled Hiber |     3 |     1 ||     4
         Confusing Touch   |       |     1 ||     1
    Use: Scroll            |     7 |     3 ||    10
   Stab: Sleeping          |     9 |     5 ||    14
 Armour: Robe              |    39 |     7 ||    46
  Dodge: Dodged            |    40 |     3 ||    43

Illustrated notes

Table legend:
 A = Kills in this place as a percentage of kills in the entire game.
 B = Kills by you in this place as a percentage of kills by you in the entire game.
 C = Kills by friends in this place as a percentage of kills by friends in the entire game.
 D = Other kills in this place as a percentage of other kills in the entire game.
 E = Experience gained in this place as a percentage of experience gained in the entire game.
 F = Experience gained in this place divided by the number of levels of this place that you have seen.
                   A       B       C       D       E      F
               +-------+-------+-------+-------+-------+----------------------
         Total | 100.0 | 100.0 |   N/A |   N/A | 100.0 |  34.0
       Dungeon | 100.0 | 100.0 |   N/A |   N/A | 100.0 |  34.0
               +-------+-------+-------+-------+-------+----------------------

Table legend: (Time is in decaauts)
 A = Elapsed time spent in this place.
 B = Non-inter-level travel time spent in this place.
 C = Inter-level travel time spent in this place.
 D = Time resting spent in this place.
 E = Time spent auto-exploring this place.
 F = Levels seen in this place.
 G = Mean time per level.
                   A        B        C        D        E       F      G
               +--------+--------+--------+--------+--------+-----+--------+
         Total |   2266 |   2149 |    117 |      0 |   1753 |   4 |  566.5 |
       Dungeon |   2266 |   2149 |    117 |      0 |   1753 |   4 |  566.5 |
               +--------+--------+--------+--------+--------+-----+--------+

Top non-repeatable levels by time:
     D:3: 990 daAuts
     D:1: 794 daAuts
     D:2: 448 daAuts
     D:4: 32 daAuts
